 Dungeon Crawl Stone Soup version 0.31-a0-182-gc5ef74bbde (webtiles) character file.

Game seed: 17506054419653378957

71 Midn8 the Shooter (level 4, -1/32 (33) HPs)
             Began as a Formicid Hunter on June 21, 2023.
             Slain by a hobgoblin (3 damage)
             ... led by Robin
             ... on level 2 of the Dungeon.
             The game lasted 00:05:15 (1362 turns).

Midn8 the Shooter (Formicid Hunter)                 Turns: 1362, Time: 00:05:15

HP:   -1/32 (33)    AC:  3    Str: 15    XL:     4   Next: 47%
MP:   4/4           EV: 12    Int:  9    God:
Gold: 59            SH:  0    Dex: 19    Spells: 3/3 levels left

rFire   . . .        a - +0 shortbow
rCold   . . .        (no shield)
rNeg    . . .        c - +0 leather armour
rPois   .            (helmet unavailable)
rElec   .            h - scarf {+Inv}
rCorr   .            (no gloves)
SInv    +            (no boots)
Will    .....        (no amulet)
Stlth   ++           (no ring)
HPRegen 0.25/turn    (no ring)
MPRegen 0.09/turn

%: no passive effects
@: lightly drained
A: permanent stasis, dig shafts and tunnels, antennae 3, four strong arms
a: Dig, Shaft Self, Evoke Invisibility


You were on level 2 of the Dungeon.
You visited 1 branch of the dungeon, and saw 3 of its levels.

You collected 59 gold pieces.

Inventory:

Hand Weapons
 a - a +0 shortbow (weapon)
Missiles
 g - 3 poisoned darts
Armour
 c - a +0 leather armour (worn)
 f - a +0 kite shield
 h - a scarf of invisibility (worn)
Scrolls
 b - a scroll of butterflies
 d - 3 scrolls of teleportation {unknown}
Potions
 e - a potion of mutation


   Skills:
 - Level 2.2 Fighting
 + Level 5.6 Ranged Weapons
 - Level 1.8 Dodging
 - Level 1.2 Stealth


You had 3 spell levels left.
You didn't know any spells.
Your spell library contained the following spells:

 Spells                   Type           Power      Damage    Failure   Level
 Manifold Assault         Tloc           0%         N/A       99%         4
 Storm Form               Tmut/Air       0%         N/A       100%        7
 Blink                    Tloc           Unusable   N/A       N/A         2

Dungeon Overview and Level Annotations

Branches:
Dungeon (3/15)

Altars:


Innate Abilities, Weirdness & Mutations

You cannot be hasted, slowed, berserked, paralysed or teleported.
You can dig through walls and to a lower floor.
You have a pair of large antennae on your head. (SInv)
Your four strong arms can wield two-handed weapons with a shield.


Message History

You are no longer poisoned.
The adder bites you but does no damage.
It was a potion of mutation.
You feel extremely strange.
You feel weaker.
You feel stronger. The adder closely misses you. The adder barely misses you.
Fire: a) +0 shortbow
Press: ? - help, Q - select action, (/) - cycle Shift-Dir - straight line, f/p - adder
Aim: an adder (heavily wounded, 48% to hit)
You shoot an arrow. The arrow hits the adder.
The adder is heavily wounded.
The adder misses you.
Fire: a) +0 shortbow
Press: ? - help, Q - select action, (/) - cycle Shift-Dir - straight line, f/p - adder
Aim: an adder (heavily wounded, 48% to hit)
You shoot an arrow.
The arrow hits the adder but does no damage.
The adder is heavily wounded.
The adder bites you.
* * * LOW HITPOINT WARNING * * *
The adder bites you but does no damage.
Unknown command.
Fire: a) +0 shortbow
Press: ? - help, Q - select action, (/) - cycle Shift-Dir - straight line, f/p - adder
Aim: an adder (heavily wounded, 48% to hit)
You shoot an arrow. The arrow hits the adder.
You kill the adder!
Unknown command.
Fire: a) +0 shortbow
Press: ? - help, Q - select action, (/) - cycle Shift-Dir - straight line, f - hobgoblin
Aim: a hobgoblin (64% to hit)
You shoot an arrow. The arrow hits the hobgoblin.
The hobgoblin is almost dead.
The hobgoblin barely misses you. The hobgoblin hits you.
* * * LOW HITPOINT WARNING * * *
Fire: a) +0 shortbow
Press: ? - help, Q - select action, (/) - cycle Shift-Dir - straight line, f/p - hobgoblin
Aim: a hobgoblin (almost dead, 64% to hit)
You shoot an arrow. The arrow closely misses the hobgoblin.
The hobgoblin hits you.
You die...

....#..#######.########.#.+...'.#
....##.........# #.......#...#..
....##########.####.....#.##'##.#
....# #................... ....#
#.#..#.....#.#.#.#.# #'###
#.g.>#.......#####.. #.#######
###{##.......# ### ...<....#
##g#.......# ........#
#@##.......# ........#
####.......###### ........#
#............# .†......#
############'# ........####
#≈≈≈≈≈§§≈≈.## ...........##
#≈....§§§.≈# ##########..#
#≈§≈####≈.§# ##.# #§.## ##.§# #.#
#≈.# #.≈#


You could see a hobgoblin.

Vanquished Creatures
  Robin (D:2)
  An adder (D:2)
  2 bats
  A giant cockroach (D:1)
  11 goblins
  9 hobgoblins
  7 jackals (D:1)
  2 quokkas (D:2)
  A ball python (D:1)
  A frilled lizard (D:2)
  3 kobolds
  5 rats
44 creatures vanquished.

Notes
Turn   | Place    | Note
-------+----------+-------------------------------------------
     0 | D:1      | Midn8 the Formicid Hunter began the quest for the Orb.
     0 | D:1      | Reached XP level 1. HP: 16/16 MP: 1/1
    55 | D:1      | Reached XP level 2. HP: 22/22 MP: 2/2
   139 | D:1      | Reached XP level 3. HP: 27/27 MP: 3/3
   674 | D:2      | Reached skill level 5 in Ranged Weapons
  1204 | D:3      | Noticed Robin
  1225 | D:2      | Killed Robin
  1226 | D:2      | Reached XP level 4. HP: 16/31 MP: 4/4
  1357 | D:2      | Gained mutation: You are weak. (Str -2) [potion of
                  | mutation]
  1357 | D:2      | Lost mutation: You are weak. (Str -2) [potion of mutation]
  1362 | D:2      | Slain by a hobgoblin

Illustrated notes

Levels and vault maps discovered:
D:1:      lightli_arrival_boilingwater, layout_loops_ring
D:2:      layout_basic, minmay_misc_feat_doors, roderic_serpentine_path,
          kennysheep_pointless_box
D:3:      minmay_recursive_quarters, layout_loops_ring,
          nicolae_vehumet_altar_sigil, portal_sewer_entry_b,
          dreamdust_princess_corridor, uniq_robin

Skill      XL: |  1  2  3 |
---------------+----------+-----
Ranged Weapons | 5 |  5.6
Fighting       | |  2.2
Dodging        | |  1.8
Stealth        | |  1.2

Action                     |  1- 3 |  4- 6 || total
---------------------------+-------+-------++-------
   Fire: Shortbow          |   102 |    30 ||   132
Ability: Dig               |     1 |     1 ||     2
    Use: Potion            |       |     1 ||     1
 Armour: Leather armour    |    13 |    15 ||    28
  Dodge: Dodged            |    42 |    26 ||    68

Table legend: (Time is in decaauts)
 A = Elapsed time spent in this place.
 B = Non-inter-level travel time spent in this place.
 C = Inter-level travel time spent in this place.
 D = Time resting spent in this place.
 E = Time spent auto-exploring this place.
 F = Levels seen in this place.
 G = Mean time per level.
                   A        B        C        D        E       F      G
               +--------+--------+--------+--------+--------+-----+--------+
         Total |   1390 |   1350 |     40 |     86 |    976 |   3 |  463.3 |
       Dungeon |   1390 |   1350 |     40 |     86 |    976 |   3 |  463.3 |
               +--------+--------+--------+--------+--------+-----+--------+

Top non-repeatable levels by time:
     D:2: 767 daAuts
     D:1: 614 daAuts
     D:3: 8 daAuts
